 Dungeon Crawl Stone Soup version 0.30.1-11-g7821555f0a (webtiles) character file.

Game seed: 8947916828808163775

5 Chiseanne the Shield-Bearer (level 1, -3/15 HPs)
             Began as a Demonspawn Wanderer on Nov 25, 2023.
             Slain by a kobold
             ... wielding a +0 dagger
              (4 damage)
             ... on level 1 of the Dungeon.
             The game lasted 00:00:25 (280 turns).

Chiseanne the Shield-Bearer (Demonspawn Wanderer)    Turns: 280, Time: 00:00:25

Health: -3/15      AC:  2    Str:  8    XL:     1   Next: 66%
Magic:  2/2        EV: 11    Int: 12    God:
Gold:   9          SH:  5    Dex: 17    Spells: 1/2 levels left

rFire   . . .        a - +2 falchion
rCold   . . .        b - +0 buckler
rNeg    . . .        d - +0 robe
rPois   .            (no helmet)
rElec   .            (no cloak)
rCorr   .            (no gloves)
SInv    .            (no boots)
Will    .....        (no amulet)
Stlth   ++           (no ring)
HPRegen 0.22/turn    (no ring)
MPRegen 0.08/turn

%: no passive effects
@: no status effects
A: no striking features
a: no special abilities


You were on level 1 of the Dungeon.
You visited 1 branch of the dungeon, and saw 1 of its levels.

You collected 9 gold pieces.

Inventory:

Hand Weapons
 a - a +2 falchion (weapon)
Missiles
 g - 4 javelins
 i - 2 stones
Armour
 b - a +0 buckler (worn)
 d - a +0 robe (worn)
Scrolls
 c - a scroll of blinking
 e - a scroll of teleportation {unknown}
 f - a scroll of identify {unknown}
 j - a scroll of poison {unknown}
Potions
 h - a potion of lignification {unknown}


   Skills:
 * Level 1.2 Fighting
 - Level 1.7 Long Blades
 * Level 1.2 Dodging
 * Level 2.8 Shields
 - Level 1.0 Spellcasting
 - Level 1.7 Air Magic


You had one spell level left.
You knew the following spells:

 Your Spells              Type           Power      Damage    Failure   Level
a - Shock                 Conj/Air       8%         1d3       32%         1

Your spell library contained the following spells:

 Spells                   Type           Power      Damage    Failure   Level
 Swiftness                Air            4%         N/A       54%         3
 Sublimation of Blood     Necr           0%         N/A       56%         2
 Wereblood                Tmut           0%         N/A       56%         2
 Summon Hydra             Summ           0%         N/A       100%        7


Dungeon Overview and Level Annotations

Branches:
Dungeon (1/15)

Altars:


Message History

No target in view!
No target in view!
No target in view!
j - a scroll labelled UVITSIQ CAOP A kobold comes into view.
It is wielding a +0 dagger.
The kobold shouts!
A dart slug comes into view.
A frilled lizard comes into view.
The kobold barely misses you.
The frilled lizard hisses angrily.
You hit the kobold but do no damage. The kobold hits you with a +0 dagger.
You closely miss the kobold. You block the kobold's attack.
You barely miss the kobold. The kobold closely misses you.
The dart slug launches a dart at you. The slug dart hits you.
The kobold hits you with a +0 dagger.
You closely miss the kobold. The dart slug launches a dart at you.
The slug dart hits you.
* * * LOW HITPOINT WARNING * * *
The kobold hits you with a +0 dagger.
* * * LOW HITPOINT WARNING * * *
You are too injured to fight recklessly!
You are too injured to fight recklessly!
You are too injured to fight recklessly!
You are too injured to fight recklessly!
You are too injured to fight recklessly!
You are too injured to fight recklessly!
You are too injured to fight recklessly!
You are too injured to fight recklessly!
You are too injured to fight recklessly!
You are too injured to fight recklessly!
You are too injured to fight recklessly!
You are too injured to fight recklessly!
You are too injured to fight recklessly!
You are too injured to fight recklessly!
You are too injured to fight recklessly!
The frilled lizard attacks as you move away!
The frilled lizard barely misses you. The kobold attacks as you move away!
The kobold hits you with a +0 dagger.
You die...

###########
..........#####
..............#
..............# ##### .
..............####...#....
................@Klw......
.........#########...#...#
.........# #...# #
.........##### #...#
.......>...... #...#
..........### .....
........#..##.# ......
####.##.......# ....... #
#.##.####..#


You could see a dart slug, a kobold and a frilled lizard.

Vanquished Creatures
  2 endoplasms (D:1)
  A ball python (D:1)
  A bat (D:1)
  A kobold (D:1)
  A rat (D:1)
6 creatures vanquished.

Notes
Turn   | Place    | Note
-------+----------+-------------------------------------------
     0 | D:1      | Chiseanne the Demonspawn Wanderer began the quest for the
                  | Orb.
     0 | D:1      | Chiseanne set off with the following items: a +2 falchion,
                  | a +0 buckler, a scroll of blinking, a +0 robe; and the
                  | following spell memorised: Shock; and the following spells
                  | available to memorise: Swiftness.
     0 | D:1      | Reached XP level 1. HP: 15/15 MP: 2/2
   280 | D:1      | Slain by a kobold

Illustrated notes

Levels and vault maps discovered:
D:1:      sevenhm_arrival_forest_fort_large_2, layout_basic

Action                     || total
---------------------------++-------
  Melee: Falchion          ||    23
   Stab: Sleeping          ||     1
 Armour: Robe              ||     7
  Dodge: Dodged            ||    18
  Block: Buckler           ||     8
